 Dungeon Crawl Stone Soup version 0.28.0 (webtiles) character file.

Game seed: 5673752776430435171

291 pkoi the Conjurer (level 6, -6/45 HPs)
             Began as a Draconian Conjurer on Feb 8, 2022.
             Killed from afar by Sigmund (8 damage)
             ... with a magic dart
             ... on level 3 of the Dungeon.
             The game lasted 00:04:39 (4303 turns).

pkoi the Conjurer (Draconian Conjurer)              Turns: 4303, Time: 00:04:39

Health: -6/45      AC:  7    Str:  9    XL:     6   Next: 10%
Magic:  10/10      EV: 12    Int: 21    God:
Gold:   109        SH:  0    Dex:  9    Spells: 8/11 levels left

rFire   . . .      SeeInvis .   d - +0 short sword
rCold   . . .      Faith    .   (no shield)
rNeg    . . .      Spirit   .   (armour unavailable)
rPois   .          Reflect  .   (helmet restricted)
rElec   .          Harm     .   (no cloak)
rCorr   .          Rampage  .   h - +0 pair of gloves
Will    .....                   (no boots)
Stlth   ++........              (no amulet)
HPRegen 0.15/turn               (no ring)
MPRegen 0.12/turn               (no ring)

@: no status effects
A: AC +6, unfitting armour, cold-blooded
a: no special abilities


You were on level 3 of the Dungeon.
You visited 1 branch of the dungeon, and saw 3 of its levels.

You collected 109 gold pieces.

Inventory:

Hand Weapons
 d - a +0 short sword (weapon)
Armour
 h - a +0 pair of gloves (worn)
Wands
 f - a wand of acid (11)
Scrolls
 a - a scroll of magic mapping {unknown}
 b - 3 scrolls of identify {unknown}
 c - a scroll of immolation {unknown}
 i - a scroll of torment {unknown}
Potions
 e - a potion of flight {unknown}
 g - a potion of brilliance {unknown}
 j - a potion of mutation {unknown}
 k - a potion of attraction {unknown}


   Skills:
 - Level 1.7 Dodging
 - Level 1.7 Stealth
 - Level 3.0 Spellcasting
 * Level 7.0 Conjurations


You had 8 spell levels left.
You knew the following spells:

 Your Spells              Type           Power      Damage    Failure   Level
a - Magic Dart            Conj           100%       1d8       1%          1
b - Searing Ray           Conj           64%        2d6       1%          2

Your spell library contained the following spells:

 Spells                   Type           Power      Damage    Failure   Level
 Dazzling Flash           Conj/Hex       34%        N/A       10%         3
 Slow                     Hex            12%        N/A       13%         1
 Fulminant Prism          Conj/Hex       8%         3d7       30%         4
 Iskenderun's Mystic Bla  Conj/Tloc      17%        2d5       30%         4
 Confusing Touch          Hex            3%         N/A       36%         3
 Vampiric Draining        Necr           3%         2d6       36%         3


Dungeon Overview and Level Annotations

Branches:
Dungeon (3/15)

Altars:
Dithmenos

Shops:
D:2 (=?:

Annotations:
D:3 Sigmund


Innate Abilities, Weirdness & Mutations

Your plain brown scales are hard. (AC +6)
You cannot fit into any form of body armour.
You are cold-blooded and may be slowed by cold attacks.


Message History

Your Conjurations skill increases to level 7!
You have reached level 6!
Your scales feel tougher.
You start resting.
Sigmund is nearby!
Sigmund is nearby!
Sigmund is nearby!
Sigmund shouts!
Sigmund casts a spell at you. You resist with some effort.
Sigmund breathes a few words.
Sigmund's hands start flickering wildly.
Sigmund gestures at you while chanting. The magic dart hits you!
* * * LOW HITPOINT WARNING * * *
Sigmund casts a spell at you.
You are confused.
You bump into the rock wall.
You bump into the rock wall.
You bump into the rock wall.
You bump into the rock wall.
Sigmund hits you but does no damage.
You feel less confused. Sigmund gestures at you while chanting.
You are confused.
You bump into the rock wall.
You bump into the rock wall.
Sigmund hits you from afar with a +0 scythe!
* * * LOW HITPOINT WARNING * * *
Sigmund says, "I'm your fate." Sigmund gestures at you while chanting.
The magic dart hits you!
* * * LOW HITPOINT WARNING * * *
You feel less confused.
Sigmund says, "You will soon forget everything."
Sigmund points at you and mumbles some strange words.
The puff of flame hits you!
* * * LOW HITPOINT WARNING * * *
Sigmund casts a spell at you. The magic dart hits you!
You die...

#...........##.# ...#.#.
#.....###...##.### # ####.#.#.
.....##.##.@.....#####.##........
#..#.#._.#.###.#.##............#.
####.......###@#.##.##.##.##.#.##
...##.....##.....................
######...#####..#.#.##.##.####.##
# ##### #..#.........####... #
#..@...##.###....... #
##.##.............## ###########
#.##..##.#######.# ..........#
#.....##.# #.# .......)..#
####..)#.# #.# ..........#
#.#.#.# #.# ..........# #.#.#.#
#.# ..........# #.#.#.# #.#
..........# ###...#######.##


You could see Sigmund.

Vanquished Creatures
  A black bear (D:3)
  A phantom (D:3)
  An iguana (D:2)
  5 adders
  2 worms (D:2)
  8 ball pythons
  3 endoplasms
  A giant cockroach (D:2)
  6 hobgoblins
  3 jackals (D:2)
  A quokka (D:1)
  5 bats
  2 frilled lizards (D:2)
  3 goblins
  5 kobolds
  5 rats
52 creatures vanquished.

Notes
Turn   | Place    | Note
-------+----------+-------------------------------------------
     0 | D:1      | pkoi the Draconian Conjurer began the quest for the Orb.
     0 | D:1      | Reached XP level 1. HP: 14/14 MP: 3/3
   417 | D:1      | Found a faded altar of an unknown god.
   456 | D:1      | Reached XP level 2. HP: 20/20 MP: 3/5
  1280 | D:1      | Learned a level 2 spell: Searing Ray
  1890 | D:2      | Found Mautem's Magic Scroll Boutique.
  1980 | D:2      | Found Vuunuaby's Weapon Emporium.
  1982 | D:2      | Reached XP level 3. HP: 26/26 MP: 4/6
  2610 | D:2      | Found Teofue's Book Emporium.
  2617 | D:2      | Reached skill level 5 in Conjurations
  2936 | D:2      | Found Aniu's Jewellery Shoppe.
  3076 | D:3      | Noticed a black bear
  3167 | D:3      | Reached XP level 4. HP: 30/33 MP: 3/8
  3286 | D:3      | Found a shadowy altar of Dithmenos.
  3289 | D:3      | Noticed Sigmund
  3739 | D:3      | Killed a black bear
  3740 | D:3      | Reached skill level 6 in Conjurations
  3740 | D:3      | Reached XP level 5. HP: 23/38 MP: 0/9
  4206 | D:3      | Noticed a phantom
  4215 | D:3      | Killed a phantom
  4216 | D:3      | Reached skill level 7 in Conjurations
  4216 | D:3      | Reached XP level 6. HP: 28/45 MP: 0/10
  4302 | D:3      | HP: 1/45 [Sigmund/puff of flame (12)]
  4303 | D:3      | Killed from afar by Sigmund

Illustrated notes

Levels and vault maps discovered:
D:1:      lemuel_arrival_lava_pool, layout_basic,
          shapermc_ecumenical_altar_starsandcircs, serial_bayou_lagoon_b
D:2:      layout_loops_corners, serial_shops, shop, shop, shop,
          nicolae_lakefront_shop, amcnicky_mini_corridor_feature,
          minmay_hexomino_f4
D:3:      layout_basic, nicolae_dithmenos_through_a_glass_darkly, uniq_sigmund

Skill      XL: |  1  2  3  4  5 |
---------------+----------------+-----
Conjurations   | 5 6 7 |  7.0
Spellcasting   | 3 |  3.0
Dodging        | |  1.7
Stealth        | |  1.7

Action                   |  1- 3 |  4- 6 || total
-------------------------+-------+-------++-------
Melee: Unarmed           |    13 |       ||    13
       Short sword       |    46 |     2 ||    48
       Tailslap          |     4 |     1 ||     5
 Cast: Magic Dart        |    77 |    12 ||    89
       Searing Ray       |     2 |     5 ||     7
Armor: Skin              |    24 |     3 ||    27
Dodge: Dodged            |    55 |    14 ||    69
